Map: [ESL] Crimson Court

Players

Dolan - Winner!

  • Race: Terran Terran
  • Spawn Location: 7:00

Patches

  • Race: Terran Terran
  • Spawn Location: 1:00

Event: ESL Spring 2024 Finals

VOD

Have the link to the VOD?

Description

Time

  • Played on: May 31, 2024, 5:47 p.m.
  • Length: 3:01

All games in this series

Show
View Real Time Build Order
Export as new Build Order

Dolan Terran - Winner!

Build Orders:  

Get SALT Encoding   

  12  0:00  SCV  
  13  0:12  SCV  
  14  0:16  Supply Depot  
  14  0:24  SCV  
  15  0:38  SCV, Barracks  
  15  0:42  Refinery  
  16  0:50  SCV  
  16  0:51  Refinery  
  17  1:02  SCV  
  18  1:14  SCV  
  19  1:25  Reaper  
  20  1:26  Supply Depot  
  20  1:27  Orbital Command  
  20  1:42  Factory  
  20  1:53  SCV  
  21  1:57  Reaper  
  22  2:09  SCV  
  23  2:24  SCV, Command Center  
  24  2:34  Barracks Reactor  
  24  2:36  SCV  
  27  2:48  SCV  
  27  2:49  Supply Depot  
  27  2:51  Starport  
Show
View Real Time Build Order
Export as new Build Order

Patches Terran 

Build Orders: Reaper Expand 

Get SALT Encoding   

  12  0:00  SCV  
  13  0:12  SCV  
  14  0:20  Supply Depot  
  14  0:27  SCV  
  15  0:41  SCV  
  15  0:42  Barracks  
  16  0:46  Refinery  
  16  0:53  SCV  
  17  1:06  SCV  
  18  1:18  SCV  
  19  1:30  Reaper  
  19  1:32  Orbital Command  
  20  1:42  Command Center  
  20  1:49  Supply Depot  
  20  1:57  SCV  
  21  2:02  Marine  
  21  2:12  SCV  
  22  2:16  Factory  
  22  2:17  Refinery  
  21  2:25  Marine  
  21  2:28  SCV  
  23  2:34  Barracks  
  22  2:40  SCV  
  22  2:45  Barracks Reactor  
Tags
 
Add a new tag
Caveats
  • Supply blocks, unpowered buildings, or Contaminate may cause inaccurate times.
  • Supply counts are checked every 10 seconds.